 Dungeon Crawl Stone Soup version 0.30-a0-989-g0d87f670db (webtiles) character file.

Game seed: 514639725144998533

32267 Pooter the Severer (level 13, -3/119 HPs)
             Began as a Minotaur Berserker on Apr 2, 2023.
             Was a Believer of Trog.
             Slain by a death yak (19 damage)
             ... on level 5 of the Lair of Beasts on Apr 3, 2023.
             The game lasted 01:22:16 (17750 turns).

Pooter the Severer (Minotaur Berserker)            Turns: 17750, Time: 01:22:17

Health: -3/119     AC: 10    Str: 20    XL:     13   Next: 30%
Magic:  0/12       EV:  8    Int:  4    God:    Trog [**....]
Gold:   739        SH:  0    Dex: 14    Spells: 12/12 levels left

rFire   . . .      SeeInvis +    a - +2 war axe (freeze)
rCold   . . .      Faith    .    (no shield)
rNeg    . . .      Spirit   +    S - +2 chain mail of Boiling Hail {Harm Fly}
rPois   +          Reflect  .    (helmet restricted)
rElec   .          Rampage  .    (no cloak)
rCorr   .          Harm     + .  (no gloves)
Will    ++++.                    (no boots) Stlth
                                 G - amulet of guardian spirit
HPRegen 1.39/turn                E - ring of willpower
MPRegen 0.13/turn                P - ring "Ijawa" {rPois Will+ Str-5 Dex+2 SInv}

@: strong-willed, flying, regenerating
A: horns 2, retaliatory headbutt
a: Renounce Religion, Berserk, Trog's Hand


You were on level 5 of the Lair of Beasts.
You worshipped Trog.
Trog was pleased with you.
You visited 2 branches of the dungeon, and saw 15 of its levels.
You also visited: Gauntlet.

You collected 931 gold pieces.
You spent 192 gold pieces at shops.

Inventory:

Hand Weapons
 a - a +2 war axe of freezing (weapon)
   (You took it off an orc on level 3 of the Dungeon)
 b - a +0 shortbow
   (You took it off a centaur on level 5 of the Dungeon)
 r - a +0 morningstar
   (You took it off a gargoyle on level 9 of the Dungeon)
 z - the +0 mace of Ocivvoud {spect, *Noise Will+++ Int-2 Stlth+}
   (You found it on level 5 of the Dungeon)

   Int:       It affects your intelligence (-2).
   *Noise:    It may make noises in combat.
   Will:      It greatly increases your willpower.
   Stlth:     It makes you more stealthy.
 H - a +1 trident
   (You took it off a wight on level 7 of the Dungeon)
 L - the +7 mace "Eqit" {freeze, Fragile rF- rC+++ Int+3 Stlth+}
   (You took it off a minotaur in a Gauntlet)

   Int:       It affects your intelligence (+3).
   rF:        It makes you vulnerable to fire.
   rC:        It renders you almost immune to cold.
   Fragile:   It will be destroyed if unequipped.
   Stlth:     It makes you more stealthy.
 M - a +6 spear
   (You took it off a wight on level 7 of the Dungeon)
Missiles
 o - 12 javelins
 x - 34 poisoned darts (quivered)
 B - a curare-tipped dart
 Q - 108 stones
Armour
 C - the +4 plate armour of Raytodej {rElec rCorr MP+9}
   (You took it off a minotaur in a Gauntlet)

   rElec:     It insulates you from electricity.
   MP:        It affects your magic capacity (+9).
   rCorr:     It protects you from acid and corrosion.
 S - the +2 chain mail of Boiling Hail (worn) {Harm Fly}
   (You found it on level 3 of the Lair of Beasts)

   Fly:       It grants you flight.
   Harm:      It increases damage dealt and taken.
Jewellery
 E - a ring of willpower (left hand)
   (You took it off an orc on level 7 of the Dungeon)
 G - an amulet of guardian spirit (around neck)
   (You found it on level 6 of the Dungeon)
 O - the ring of Harmony {Contam rElec rN+ Str+2 Int+6}
   (You found it in a Gauntlet)

   [ring of intelligence]

   Str:       It affects your strength (+2).
   Int:       It affects your intelligence (+6).
   rElec:     It insulates you from electricity.
   rN:        It protects you from negative energy.
   Contam:    It causes magical contamination when unequipped.
 P - the ring "Ijawa" (right hand) {rPois Will+ Str-5 Dex+2 SInv}
   (You found it in a Gauntlet)

   [ring of willpower]

   Str:       It affects your strength (-5).
   Dex:       It affects your dexterity (+2).
   rPois:     It protects you from poison.
   SInv:      It lets you see invisible.
   Will:      It increases your willpower.
Wands
 f - a wand of flame (15)
   (You found it on level 1 of the Lair of Beasts)
 l - a wand of light (17)
   (You found it on level 6 of the Dungeon)
 u - a wand of paralysis (17)
   (You took it off an orc on level 7 of the Dungeon)
 w - a wand of roots (16)
   (You took it off Ijyb on level 4 of the Dungeon)
 J - a wand of mindburst (12)
   (You found it on level 9 of the Dungeon)
 K - a wand of polymorph (7)
   (You found it on level 10 of the Dungeon)
Scrolls
 c - 7 scrolls of blinking
 d - 2 scrolls of immolation {!r}
 h - 5 scrolls of vulnerability {!r}
 n - 3 scrolls of fear
 p - 3 scrolls of butterflies
 t - 7 scrolls of teleportation {@r4}
 v - 2 scrolls of brand weapon
 y - 3 scrolls of fog
 R - 2 scrolls of magic mapping
 T - a scroll of silence
Potions
 e - a potion of magic {unknown}
 g - a potion of cancellation {unknown}
 j - 3 potions of haste {@q3}
 k - 3 potions of flight
 m - a potion of attraction {unknown}
 q - 9 potions of curing {@q1}
 s - 5 potions of heal wounds {@q2}
 A - 2 potions of might
 D - a potion of resistance
 F - 2 potions of lignification {!q}
 I - 2 potions of mutation {!q}
 N - a potion of invisibility


   Skills:
 + Level 12.6 Fighting
 - Level 15.9(16.0) Axes
 - Level 1.6(10.5) Polearms
 * Level 14.4 Ranged Weapons
 - Level 2.4 Armour
 - Level 2.1 Dodging
 - Level 4.8 Stealth
 + Level 6.2 Evocations


You had 12 spell levels left.
You didn't know any spells.
Your spell library was empty.

Dungeon Overview and Level Annotations

Branches:
Dungeon (10/15)            Temple (0/1) D:5            Lair (5/5) D:9
 Shoals (0/4) Lair:2       Spider (0/4) Lair:2        Slime (0/5) Lair:4
Gauntlet (visited)
    Orc: D:9-12

Altars:
Ashenzari
Cheibriados
Dithmenos
Gozag
Hepliaklqana
Okawaru
Qazlal
Ru
Yredelemnul
The Shining One

Shops:
D:9 !

Annotations:
Lair:2 3 runed translucent doors, Xenemn's ghost, journeyman TrFi


Innate Abilities, Weirdness & Mutations

You have a pair of horns on your head.
You reflexively headbutt those who attack you in melee.


Message History

* * * LOW MAGIC WARNING * * *
* * * LOW HITPOINT WARNING * * *
You slice the komodo dragon!!
The komodo dragon seems to slow down.
You freeze the komodo dragon!
You kill the komodo dragon!
Trog accepts your kill.
You slash the yak! You freeze the yak. The yak gores you.
* * * LOW HITPOINT WARNING * * *
You slice the yak!! You freeze the yak.
You kill the yak!
Trog accepts your kill.
You start resting.
You feel a strong urge to attack something.
Unknown command.
You start resting.
You feel your anger nearly subside.
You start resting.
You are no longer berserk.
You are exhausted.
You feel yourself slow down.
You start resting.
You feel yourself speed up.
You start resting.
You recover from your berserk rage.
You start resting.
You start resting.
Your skin crawls.
You feel strong-willed.
You fly downwards.
The hell rat roars deafeningly! x5; You hear a deafening roar!
The yak gores you. x2; The yak barely misses you.
The death yak gores you! The death yak gores you!! The death yak gores you!
* * * LOW MAGIC WARNING * * *
The yak barely misses you. x2; You furiously retaliate!
You headbutt the yak. The death yak gores you!
* * * LOW MAGIC WARNING * * *
* * * LOW HITPOINT WARNING * * *
The yak gores you!
* * * LOW MAGIC WARNING * * *
* * * LOW HITPOINT WARNING * * *
The death yak gores you but does no damage.
There is a stone staircase leading up, spattered with blood here.
The yak gores you but does no damage. The death yak gores you.
* * * LOW MAGIC WARNING * * *
* * * LOW HITPOINT WARNING * * *
The yak gores you but does no damage. The death yak gores you!!
* * * LOW MAGIC WARNING * * *
* * * LOW HITPOINT WARNING * * *
The death yak gores you!
You die...

#)........
##.....r..##
...........
#.........#
#....rrr..##
#....r.....#
##...(YYY.#..#
#P....Y@...#
P....$.YY....$.
P..............
...............
...............
...............
...............
...............


You could see 3 death yaks, 3 yaks and 5 hell rats.

Vanquished Creatures
  A minotaur (Gauntlet)
  Erolcha (D:10)
  A hydra (Lair:4)
  4 death yaks (Gauntlet)
  2 two-headed ogres (D:10)
  A pharaoh ant (Lair:2)
  4 elephants (Lair:4)
  An oklob plant (Lair:4)
  A merfolk siren (Lair:2)
  3 black mambas
  A torpor snail (Gauntlet)
  A smoke demon (Gauntlet)
  8 cane toads
  A minotaur zombie (Gauntlet)
  A gargoyle (D:9)
  5 komodo dragons
  2 kobold demonologists
  2 merfolk (Lair:2)
  A troll (D:10)
  A polar bear (Lair:3)
  Prince Ribbit (D:8)
  5 hornets (Lair:2)
  10 blink frogs
  3 jumping spiders (Lair:2)
  A shadow (D:10)
  A ynoxinul (Gauntlet)
  A vampire (D:9)
  2 wraiths
  33 yaks
  2 wyverns (Lair:3)
  Grum (D:10)
  3 vampire mosquitoes
  A redback (Lair:2)
  A steam dragon (D:8)
  An acid dragon (D:10)
  8 water moccasins
  An orc warrior (D:8)
  4 sky beasts
  3 black bears
  An ice beast (D:6)
  2 ogres
  14 wolves
  7 centaurs
  7 kobold brigands
  A phantom (D:6)
  Blork the orc (D:4)
  15 bullfrogs
  5 scorpions
  4 wights (D:7)
  10 killer bees
  3 howler monkeys
  An electric eel (Lair:2)
  A crimson imp (Gauntlet)
  3 orc priests
  A gnoll bouda (D:5)
  2 hounds
  5 jellies
  4 iron imps (Gauntlet)
  Ijyb (D:4)
  2 iguanas
  2 sleepcaps
  4 orc wizards
  A gnoll (D:1)
  8 adders
  A shadow imp (D:7)
  3 white imps
  2 worms (D:2)
  4 dart slugs
  18 orcs
  10 ball pythons
  13 bats
  An endoplasm (D:1)
  4 giant cockroaches
  2 goblins
  4 hobgoblins
  23 kobolds
  2 quokkas
  8 rats
324 creatures vanquished.

Vanquished Creatures (others)
  26 fungi
  42 plants
68 creatures vanquished.

Grand Total: 392 creatures vanquished

Notes
Turn   | Place    | Note
-------+----------+-------------------------------------------
     0 | D:1      | Pooter the Minotaur Berserker began the quest for the Orb.
     0 | D:1      | Reached XP level 1. HP: 19/19 MP: 0/0
   364 | D:1      | Reached skill level 4 in Axes
   364 | D:1      | Reached skill level 1 in Stealth
   364 | D:1      | Reached XP level 2. HP: 24/27 MP: 1/1
   598 | D:1      | Found a faded altar of an unknown god.
   872 | D:2      | Reached XP level 3. HP: 33/33 MP: 2/2
  1071 | D:2      | Reached ** piety under Trog
  1072 | D:2      | Reached skill level 1 in Polearms
  1414 | D:2      | Reached XP level 4. HP: 40/40 MP: 3/3
  1863 | D:3      | Found a basalt altar of Yredelemnul.
  2013 | D:3      | Noticed a scorpion
  2017 | D:3      | Killed a scorpion
  2018 | D:3      | Reached skill level 5 in Axes
  2018 | D:3      | Reached XP level 5. HP: 40/47 MP: 4/4
  2694 | D:4      | Noticed Ijyb
  2698 | D:4      | Killed Ijyb
  2853 | D:4      | Noticed a black bear
  2855 | D:4      | Killed a black bear
  2856 | D:4      | Reached skill level 5 in Fighting
  2856 | D:4      | Reached skill level 6 in Axes
  2856 | D:4      | Reached XP level 6. HP: 56/56 MP: 5/5
  3189 | D:4      | Noticed Blork the orc
  3199 | D:4      | Killed Blork the orc
  3275 | D:4      | Found an opulent altar of Gozag.
  3548 | D:5      | Entered Level 5 of the Dungeon
  3567 | D:5      | Found a staircase to the Ecumenical Temple.
  3682 | D:5      | Identified the +0 mace of Ocivvoud {spect, *Noise Will+++
                  | Int-2 Stlth+}
  3818 | D:5      | Reached XP level 7. HP: 23/61 MP: 6/6
  3968 | D:5      | Found a shadowy altar of Dithmenos.
  4008 | D:5      | Reached skill level 7 in Axes
  4881 | D:6      | Reached skill level 1 in Ranged Weapons
  5019 | D:6      | Reached XP level 8. HP: 50/70 MP: 5/7
  5125 | D:6      | Reached skill level 8 in Axes
  5141 | D:6      | Found a glowing golden altar of the Shining One.
  5650 | D:6      | Reached skill level 9 in Axes
  6189 | D:7      | Reached skill level 5 in Ranged Weapons
  6204 | D:7      | Reached XP level 9. HP: 69/79 MP: 6/8
  6683 | D:7      | Reached skill level 10 in Axes
  7005 | D:8      | Noticed Prince Ribbit
  7560 | D:8      | Reached skill level 11 in Axes
  7566 | D:8      | Killed Prince Ribbit
  7571 | D:8      | Reached XP level 10. HP: 72/90 MP: 6/9
  7674 | D:8      | Found an iron altar of Okawaru.
  8353 | D:8      | Identified the +5 ring mail of the Volcano {rCorr}
  8592 | D:9      | Found a stormy altar of Qazlal.
  8725 | D:9      | Noticed a gargoyle
  8775 | D:9      | Killed a gargoyle
  8776 | D:9      | Reached skill level 12 in Axes
  9405 | D:9      | Found Fucorphaps's Distillery.
  9413 | D:9      | Bought a potion of lignification for 48 gold pieces
  9413 | D:9      | Bought a potion of mutation for 128 gold pieces
  9413 | D:9      | Bought a potion of degeneration for 16 gold pieces
  9457 | D:9      | Found a staircase to the Lair.
  9655 | D:10     | Entered Level 10 of the Dungeon
  9669 | D:10     | Noticed a two-headed ogre
  9992 | D:10     | Killed a two-headed ogre
 10098 | D:10     | Reached skill level 13 in Axes
 10167 | D:10     | Found a hazy altar of Hepliaklqana.
 10168 | D:10     | Found a broken altar of Ashenzari.
 10169 | D:10     | Found a snail-covered altar of Cheibriados.
 10187 | D:10     | Reached skill level 10 in Ranged Weapons
 10204 | D:10     | Reached XP level 11. HP: 54/99 MP: 1/10
 10404 | D:10     | Found a sacrificial altar of Ru.
 10585 | D:10     | Noticed Grum
 10851 | D:10     | Killed Grum
 10852 | D:10     | Reached skill level 1 in Evocations
 10920 | D:10     | Noticed a two-headed ogre
 10942 | D:9      | Reached skill level 10 in Fighting
 11012 | D:10     | Noticed Erolcha
 11025 | D:10     | Killed Erolcha
 11114 | D:10     | Noticed a soul eater
 11207 | D:10     | Killed a two-headed ogre
 11478 | Lair:1   | Entered Level 1 of the Lair of Beasts
 11492 | D:9      | Reached skill level 14 in Axes
 13028 | Lair:1   | Reached XP level 12. HP: 104/108 MP: 9/11
 13431 | Lair:2   | Found a runed translucent gate.
 13431 | Lair:2   | Found a runed translucent gate.
 13431 | Lair:2   | Found a runed translucent gate.
 13432 | Lair:2   | Noticed Xenemn's ghost (journeyman TrFi)
 13527 | Lair:2   | Found a gate leading to a gauntlet.
 13530 | Lair:2   | Identified the +0 ring mail of the Harvest Moon {Int+5}
 13552 | Gauntlet | Entered a Gauntlet
 13552 | Gauntlet | Found a transporter.
 13552 | Gauntlet | Found a transporter.
 13570 | Gauntlet | Found a transporter.
 13570 | Gauntlet | Found a transporter.
 13595 | Gauntlet | Found a transporter.
 13595 | Gauntlet | Found a transporter.
 13608 | Gauntlet | Reached skill level 15 in Axes
 13616 | Gauntlet | Found a transporter.
 13616 | Gauntlet | Found a transporter.
 13621 | Gauntlet | Identified the ring of Harmony {Contam rElec rN+ Str+2
                  | Int+6}
 13629 | Gauntlet | Noticed a death yak
 13630 | Gauntlet | Found a transporter.
 13630 | Gauntlet | Found a transporter.
 13631 | Gauntlet | Noticed a death yak
 13633 | Gauntlet | Noticed a death yak
 13633 | Gauntlet | Noticed a death yak
 13638 | Gauntlet | Found a transporter.
 13646 | Gauntlet | Killed a death yak
 13653 | Gauntlet | Killed a death yak
 13653 | Gauntlet | Killed a death yak
 13658 | Gauntlet | Killed a death yak
 13884 | Gauntlet | Identified the ring "Ijawa" {rPois Will+ Str-5 Dex+2 SInv}
 13892 | Gauntlet | Found a transporter.
 13903 | Gauntlet | Identified the +7 mace "Eqit" {freeze, Fragile rF- rC+++
                  | Int+3 Stlth+}
 13903 | Gauntlet | Identified the +4 plate armour of Raytodej {rElec rCorr
                  | MP+9}
 13903 | Gauntlet | Noticed a minotaur
 13913 | Gauntlet | Killed a minotaur
 14482 | Lair:2   | Found a hole to the Spider Nest.
 14576 | Lair:2   | Paralysed by a hornet for 1 turns
 14680 | Lair:2   | Reached skill level 5 in Evocations
 14699 | Lair:2   | Found a staircase to the Shoals.
 14703 | Lair:2   | Reached *** piety under Trog
 15430 | Lair:3   | Reached XP level 13. HP: 118/118 MP: 12/12
 15525 | Lair:3   | Identified the +2 chain mail of Boiling Hail {Harm Fly}
 17142 | Lair:4   | Found a staircase to the Slime Pits.
 17551 | Lair:5   | Entered Level 5 of the Lair of Beasts
 17750 | Lair:5   | Slain by a death yak

Illustrated notes

Levels and vault maps discovered:
D:1:      mrwooster_arrival_statue, layout_basic,
          shapermc_ecumenical_altar_mp_highgroup
D:2:      layout_loops_cross
D:3:      layout_loops_corners, mainiacjoe_overflow_alcove_2
D:4:      layout_loops_corners, mainiacjoe_overflow_alcove_4, uniq_ijyb,
          uniq_blork_the_orc
D:5:      layout_basic, lemuel_doored_altar, minmay_temple_entry_tees,
          minmay_between
D:6:      layout_loops_corners, mainiacjoe_overflow_concentric_impassable
D:7:      layout_rooms
D:8:      layout_layer_cave, kennysheep_little_box, uniq_prince_ribbit1
D:9:      layout_irregular_city, mainiacjoe_overflow_chevrons,
          grunt_lair_entry_orc_guard_hut, serial_shops, nicolae_diamond_shop
D:10:     layout_gridville, hangedman_ru_absence,
          chequers_temple_overflow_statue_of_worship, minmay_circle_x,
          uniq_erolcha, uniq_grum
Lair:1:   beast_lair_carwin_large_2, layout_cave_pods,
          nicolae_volcano_entry_lava_flow, portal_ice_cave_entry_pillars_2,
          roderic_batcave
Lair:2:   layout_chaotic_city, elwin_shoals_entry_rooms,
          nicolae_spider_entry_lesser_pyramids, gauntlet_entry_generic,
          gammafunk_ghost_necromancy, dreamdust_wasp_nest
Lair:3:   layout_chaotic_city, minivault_24, grunt_megastairs_3
Lair:4:   layout_gridlike, slime_entry_1
Lair:5:   grunt_lair_end_beastmaster, layout_big_grid

Skill      XL: |  1  2  3  4  5  6  7  8  9 10 11 12 13 |
---------------+----------------------------------------+-----
Axes           | 4 5 6 7 9 11 13 14 15 | 15.9
Stealth        | 1 2 3 4 |  4.8
Fighting       | 4 5 6 7 8 9 10 12 | 12.6
Polearms       | 1 |  1.6
Ranged Weapons | 2 5 7 10 11 13 14 | 14.4
Evocations     | 3 5 6 |  6.2
Armour         | |  2.4
Dodging        | |  2.1

Action                     |  1- 3 |  4- 6 |  7- 9 | 10-12 | 13-15 || total
---------------------------+-------+-------+-------+-------+-------++-------
  Melee: Hand axe          |    15 |       |       |       |       ||    15
         Headbutt          |     7 |    12 |    29 |    87 |    27 ||   162
         Spear             |    81 |    33 |       |       |       ||   114
         War axe           |       |    40 |   165 |   379 |    73 ||   657
         Punch             |       |       |     3 |     6 |     1 ||    10
         Mace              |       |       |       |       |     3 ||     3
   Fire: Shortbow          |       |       |    59 |   113 |    22 ||   194
  Throw: Stone             |       |     2 |     3 |     5 |       ||    10
         Javelin           |       |     8 |       |     1 |     5 ||    14
         Dart              |       |       |       |    32 |     7 ||    39
 Invoke: Berserk           |     1 |     2 |     5 |    15 |     3 ||    26
         Trog's Hand       |       |     2 |     7 |    23 |     4 ||    36
  Evoke: Wand              |       |       |     1 |    34 |       ||    35
    Use: Scroll            |     5 |     3 |    10 |     4 |     5 ||    27
         Potion            |       |       |     2 |     4 |     1 ||     7
   Stab: Sleeping          |     3 |     1 |       |     2 |       ||     6
         Distracted        |       |     1 |       |       |       ||     1
         Paralysed         |       |       |     2 |     7 |       ||     9
         Invisible         |       |       |       |     8 |       ||     8
 Armour: Animal skin       |    13 |    11 |       |       |       ||    24
         Scale mail        |       |     6 |     7 |       |       ||    13
         Chain mail        |       |       |    21 |       |    18 ||    39
         Plate armour      |       |       |    73 |    75 |     5 ||   153
         Ring mail         |       |       |       |   114 |       ||   114
  Dodge: Dodged            |    48 |    28 |    69 |   202 |    22 ||   369

Table legend: (Time is in decaauts)
 A = Elapsed time spent in this place.
 B = Non-inter-level travel time spent in this place.
 C = Inter-level travel time spent in this place.
 D = Time resting spent in this place.
 E = Time spent auto-exploring this place.
 F = Levels seen in this place.
 G = Mean time per level.
                   A        B        C        D        E       F      G
               +--------+--------+--------+--------+--------+-----+--------+
         Total |  17927 |  17410 |    517 |   4660 |   9741 |  16 | 1120.4 |
       Dungeon |  12338 |  11855 |    483 |   3216 |   6677 |  10 | 1233.8 |
          Lair |   5038 |   5004 |     34 |   1077 |   3033 |   5 | 1007.6 |
      Gauntlet |    550 |    550 |      0 |    365 |     31 |   1 |  550.0 |
               +--------+--------+--------+--------+--------+-----+--------+

Top non-repeatable levels by time:
     D:9: 2248 daAuts
  Lair:4: 1783 daAuts
     D:8: 1709 daAuts
     D:6: 1577 daAuts
    D:10: 1254 daAuts
  Lair:1: 1222 daAuts
     D:5: 1115 daAuts
     D:4: 1019 daAuts
  Lair:3: 1015 daAuts
  Lair:2: 1011 daAuts
     D:3: 1005 daAuts
     D:1: 851 daAuts
     D:7: 848 daAuts
     D:2: 707 daAuts
Gauntlet: 550 daAuts
